AoeStats
← be4thoven

Arena

509415752Analyzed
1v1 RM · 6d ago on Sep 26, 2026· 68m 34s· 2 players
Game mode
Random Map
Map size
Tiny (2 player)
Population
200
Speed
Normal
Resources
Standard
Victory
Conquest
Starting age
Dark Age
Ending age
Imperial Age
RankedLock teamsTeams togetherTeam positionsShared explorationLock speedFull tech treeHidden civsTurbo modeCheats
Victory
Defeat
🇦🇷 Teutons · Argentina
819
+14
🇩🇪 Mongols · Germany
781
-14
be4thoven
9:26 Feudal Age
9:52 Double-Bit Axe
9:48 Horse Collar
13:05 Wheelbarrow
17:03 Stone Mining
19:31 Castle Age
19:11 Gold Mining
19:29 Fletching
19:49 Scale Barding Armor
20:34 Bow Saw
20:27 Heavy Plow
21:46 Loom
22:20 Hand Cart
22:36 Husbandry
23:33 Light Cavalry
25:07 Padded Archer Armor
28:15 Thumb Ring
28:24 Forging
29:33 Chain Barding Armor
29:09 Bodkin Arrow
32:17 Bloodlines
41:35 Leather Archer Armor
42:35 Iron Casting
42:59 Gold Shaft Mining
45:15 Imperial Age
44:02 Stone Shaft Mining
46:01 Bracer
45:25 Heavy Cavalry Archer
47:13 Man-at-Arms
48:07 Scale Mail Armor
48:18 Squires
47:59 Long Swordsman
49:27 Two-Handed Swordsman
51:40 Blast Furnace
50:33 Champion
52:21 Chain Mail Armor
51:36 Elite Skirmisher
57:55 Chemistry
58:43 Ballistics
59:56 Parthian Tactics
65:16 Elite Mangudai
Southsider
10:59 Feudal Age
11:31 Double-Bit Axe
11:37 Horse Collar
19:49 Castle Age
19:27 Loom
19:49 Gold Mining
20:14 Scale Mail Armor
21:53 Wheelbarrow
21:39 Loom
22:23 Squires
21:47 Elite Skirmisher
25:15 Town Watch
25:49 Hand Cart
26:21 Pikeman
31:45 Town Watch
33:01 Bow Saw
37:20 Ironclad
42:58 Imperial Age
42:20 Fletching
42:32 Padded Archer Armor
43:04 Arson
43:32 Forging
43:25 Stone Mining
43:44 Heavy Plow
44:18 Conscription
43:49 Capped Ram
44:33 Halberdier
47:54 Heavy Mounted Crossbowman
50:33 Stone Shaft Mining
50:04 Elite Teutonic Knight
52:24 Chain Mail Armor
52:45 Iron Casting
52:32 Crenellations
55:44 Plate Mail Armor
56:16 Blast Furnace
55:53 Hoardings
58:07 Masonry
58:18 Ballistics
65:35 Chemistry
64:48 Fortified Wall
66:50 Two-Man Saw
66:24 Crop Rotation
Connection lost

Rejoining the realm…

Still unreachable

The connection could not be restored.

Session expired

The server has moved on; the page needs a fresh start.